 Dungeon Crawl Stone Soup version 0.27-a0-1378-gdefffd1ff6 (webtiles) character file.

Game seed: 2870498300312071101

10617 dickylongcocking the Fighter (level 11, -21/92 HPs)
             Began as a Djinni Wanderer on June 30, 2021.
             Was an Elder of Makhleb.
             Demolished by an entropy weaver simulacrum (37 damage)
             ... in an ice cave.
             The game lasted 00:20:13 (12123 turns).

dickylongcocking the Fighter (Djinni Wanderer)     Turns: 12123, Time: 00:20:14

Health: -21/92     AC:  9    Str: 13    XL:     11   Next: 96%
Gold:   685        EV: 12    Int: 21    God:    Makhleb [****..] SH:  0 Dex: 13

rFire    + + .     SeeInvis .   A - +4 scimitar
rCold    x . .     Faith    .   (no shield)
rNeg     . . .     Spirit   .   i - +0 acid dragon scales
rPois    ∞         Reflect  .   C - +2 hat
rElec    .         Harm     .   (no cloak)
rCorr    +         Rampage  .   z - +0 pair of gloves
Will     +....                  (boots unavailable)
Stlth    +.........             q - amulet of regeneration
HPRegen  1.25/turn              g - +6 ring of intelligence
MPRegen  0.00/turn              (no ring)

@: flying
A: sickness immunity, fire resistance 2, cold vulnerability 1, float, innate
caster, hp casting, extra vitality 1
a: Renounce Religion, Minor Destruction, Lesser Servant of Makhleb, Major
Destruction


You were in an ice cave.
You worshipped Makhleb.
Makhleb was greatly pleased with you.
You visited 2 branches of the dungeon, and saw 13 of its levels.
You also visited: Sewer and Ice Cave.

You collected 685 gold pieces.

Inventory:

Hand Weapons
 a - a +0 club
 h - a +1 dagger of speed
 x - a +0 short sword
 y - a +3 scimitar
 A - a +4 scimitar (weapon)
Armour
 b - a +2 leather armour
 i - +0 acid dragon scales (worn)
 n - a +0 helmet
 o - the +1 robe of Damef {*Corrode +Inv Str+3}
   (You found it on level 4 of the Dungeon)

   Str:       It affects your strength (+3).
   +Inv:      It lets you turn invisible.
   *Corrode:  It may corrode you when you take damage.
 z - a +0 pair of gloves (worn)
 C - a +2 hat (worn)
 D - a +1 kite shield of poison resistance
Jewellery
 g - a +6 ring of intelligence (left hand)
 q - an amulet of regeneration (around neck)
Wands
 v - a wand of digging (3)
 I - a wand of iceblast (3)
Scrolls
 d - 2 scrolls of magic mapping
 e - 7 scrolls of teleportation
 j - 2 scrolls of noise {unknown}
 p - 4 scrolls of enchant armour
 w - a scroll of holy word
 B - a scroll of fog {unknown}
 E - a scroll of torment {unknown}
 G - a scroll of immolation
 H - a scroll of blinking
Potions
 c - a potion of haste {unknown}
 f - 2 potions of brilliance
 k - a potion of might {unknown}
 m - 2 potions of resistance {unknown}
 r - a potion of invisibility
 s - a potion of curing {unknown}
 t - a potion of degeneration
 u - a potion of mutation {unknown}
 F - 2 potions of heal wounds {unknown}


   Skills:
 - Level 13.5 Fighting
 - Level 0.1 Maces & Flails
 - Level 1.2 Armour
 * Level 4.6 Dodging
 - Level 1.1 Stealth
 * Level 9.3 Spellcasting
 - Level 1.0 Evocations


You had 6 spell levels left.
You knew the following spells:

 Your Spells              Type           Power      Damage    Failure   Level
a - Foxfire               Conj/Fire      100%       2x1d9     1%          1
b - Animate Skeleton      Necr           98%        N/A       1%          1
c - Conjure Flame         Conj/Fire      49%        6-21      1%          3
d - Sticky Flame          Conj/Fire      49%        2d7       2%          4
e - Beastly Appendage     Tmut           98%        N/A       1%          1
f - Frozen Ramparts       Ice            98%        1d11      1%          3
g - Cause Fear            Hex            24%        N/A       2%          4
p - Poisonous Vapours     Pois/Air       98%        N/A       1%          2
v - Vampiric Draining     Necr           24%        2d9       1%          3

Your spell library contained the following spells:

 Spells                   Type           Power      Damage    Failure   Level


Dungeon Overview and Level Annotations

Branches:
Dungeon (13/15)            Temple (1/1) D:4            Lair (0/6) D:10
    Orc (0/2) D:9           Sewer (visited)           IceCv (1/1)
 Vaults: D:13-14

Altars:
Ashenzari
Cheibriados
Dithmenos
Elyvilon
Fedhas
Gozag
Hepliaklqana
Makhleb
Nemelex Xobeh
Okawaru
Qazlal
Ru
Sif Muna
Trog
Vehumet
Xom
Yredelemnul
Zin
The Shining One

Shops:
D:2 *


Innate Abilities, Weirdness & Mutations

You are immune to sickness and miasma.
You are immune to poison.
Your flesh is very heat resistant. (rF++)
You are vulnerable to cold. (rC-)
You float through the air rather than walking.
You learn spells naturally, not from books.
Your magical power is your life essence.
You have superior vitality. (+4 HP)


Message History

Your magical contamination has completely faded away.
An ugly thing simulacrum comes into view.
Casting: Sticky Flame (dangerous; 2% risk of failure)
Confirm with . or Enter, or press ? or * to list all spells.
Aiming: Sticky Flame (dangerous; 2% risk of failure)
Press: ? - help, Shift-Dir - straight line, f - glowing shapeshifter simulacrum
Aim: a glowing shapeshifter simulacrum (100% to hit)
The sticky flame hits the glowing shapeshifter simulacrum!!
The glowing shapeshifter simulacrum melts!
The glowing shapeshifter simulacrum is severely damaged.
The glowing shapeshifter simulacrum is covered in liquid flames!
The glowing shapeshifter simulacrum burns!
The glowing shapeshifter simulacrum hits you but does no damage.
Unknown command.
The glowing shapeshifter simulacrum burns!
The glowing shapeshifter simulacrum burns!
The glowing shapeshifter simulacrum vapourises!
Makhleb accepts your kill.
Casting: Sticky Flame (dangerous; 2% risk of failure)
Confirm with . or Enter, or press ? or * to list all spells.
Aiming: Sticky Flame (dangerous; 2% risk of failure)
Press: ? - help, Shift-Dir - straight line, f - entropy weaver simulacrum
Aim: an entropy weaver simulacrum (100% to hit)
The sticky flame hits the entropy weaver simulacrum!
The entropy weaver simulacrum melts!
The entropy weaver simulacrum is moderately damaged.
The entropy weaver simulacrum is covered in liquid flames!
The entropy weaver simulacrum burns!
The entropy weaver simulacrum hits you but does no damage.
The entropy weaver simulacrum hits you.
The entropy weaver simulacrum freezes you!!!
You feel a terrible chill! The entropy weaver simulacrum hits you!
The entropy weaver simulacrum freezes you!!
You feel a terrible chill!
* * * LOW HITPOINT WARNING * * *
The entropy weaver simulacrum hits you.
* * * LOW HITPOINT WARNING * * *
The entropy weaver simulacrum freezes you!!!
You feel a terrible chill!
You die...

##### ##.∩.##
#..∩..# ##...##
##@## ##Z##
#°..#
#.........#
#....Z#####....
..Z### ##... .#
##


You could see an ugly thing simulacrum and an entropy weaver simulacrum
(burning).

Vanquished Creatures
  A two-headed ogre (D:9)
  4 skeletal warriors (D:9)
  A manticore (D:12)
  2 rime drakes (D:12)
  A troll (D:10)
  A hornet (D:9)
  11 yaks
  2 shadows (D:9)
  A spriggan (D:7)
  2 wyverns
  2 two-headed ogre zombies (D:9)
  Duvessa (D:6)
  3 acid dragons
  2 water moccasins
  An orc warrior (D:10)
  An ice beast (D:5)
  A necrophage (D:7)
  3 sky beasts
  An ogre (D:5)
  5 centaurs
  3 phantoms
  2 kobold brigands
  3 gnoll sergeants
  A glowing shapeshifter simulacrum (IceCv)
  Dowan (D:6)
  A wyvern skeleton (D:5)
  A water moccasin skeleton (D:6)
  A troll zombie (D:9)
  4 killer bees (D:8)
  9 wights
  2 howler monkeys (D:7)
  A bullfrog zombie (D:5)
  A centaur zombie (D:8)
  2 orc priests
  2 hounds (D:5)
  2 jellies
  A bullfrog skeleton (D:3)
  Ijyb (D:5)
  4 iguanas
  6 orc wizards
  A scorpion zombie (D:5)
  5 ogre zombies (D:9)
  Robin (D:2)
  11 gnolls
  5 adders
  2 ufetubi (D:5)
  An adder skeleton (D:4)
  2 worms
  2 dart slugs (D:1)
  24 orcs
  11 bats
  6 endoplasms
  9 giant cockroaches
  12 goblins
  8 hobgoblins
  13 jackals
  14 kobolds
  5 quokkas
  7 ball pythons
  A frilled lizard (D:1)
  2 goblin skeletons (D:9)
  2 goblin zombies (D:9)
  4 hobgoblin skeletons (D:9)
  A jackal skeleton (D:4)
  2 orc skeletons (D:9)
  15 orc zombies (D:9)
  4 rats
264 creatures vanquished.

Vanquished Creatures (collateral kills)
  3 jackals (D:1)
  3 foxfires (D:2)
6 creatures vanquished.

Vanquished Creatures (others)
  A very ugly thing simulacrum (IceCv)
  An ugly thing simulacrum (IceCv)
  211 foxfires
  9 plants (D:2)
222 creatures vanquished.

Grand Total: 492 creatures vanquished

Notes
Turn   | Place    | Note
-------+----------+-------------------------------------------
     0 | D:1      | dickylongcocking the Djinni Wanderer began the quest for
                  | the Orb.
     0 | D:1      | Reached XP level 1. HP: 18/18 MP: 0/0
   322 | D:1      | Reached XP level 2. HP: 14/23 MP: 0/0
  1037 | D:1      | Reached XP level 3. HP: 19/28 MP: 0/0
  1037 | D:1      | Learned a level 1 spell: Beastly Appendage
  1045 | D:1      | Reached skill level 1 in Armour
  2200 | D:1      | Reached XP level 4. HP: 32/34 MP: 0/0
  2522 | D:2      | Noticed Robin
  2940 | D:2      | Found Zorhityesch's General Store.
  3098 | D:2      | Killed Robin
  3099 | D:2      | Reached skill level 3 in Fighting
  3749 | D:2      | Found a faded altar of an unknown god.
  3846 | D:3      | Reached XP level 5. HP: 35/40 MP: 0/0
  3846 | D:3      | Learned a level 2 spell: Poisonous Vapours
  5206 | D:4      | Reached skill level 4 in Fighting
  5207 | D:4      | Reached XP level 6. HP: 27/47 MP: 0/0
  5400 | D:4      | Found a broken altar of Ashenzari.
  5427 | D:4      | Identified the +1 robe of Damef {*Corrode +Inv Str+3}
  5503 | D:4      | Found a staircase to the Ecumenical Temple.
  5597 | Temple   | Entered the Ecumenical Temple
  5664 | Temple   | Became a worshipper of Makhleb the Destroyer
  5784 | D:4      | Reached skill level 5 in Spellcasting
  6003 | D:5      | Entered Level 5 of the Dungeon
  6062 | D:5      | Reached skill level 5 in Fighting
  6146 | D:5      | Reached XP level 7. HP: 18/54 MP: 0/0
  6146 | D:5      | Learned a level 3 spell: Frozen Ramparts
  6230 | D:5      | Found a glowing drain.
  6234 | Sewer    | Entered a sewer
  6449 | Sewer    | Noticed a water moccasin
  6461 | Sewer    | Killed a water moccasin
  6609 | D:5      | Reached skill level 6 in Fighting
  6766 | D:5      | Noticed a yak
  6767 | D:5      | Noticed a yak
  6768 | D:5      | Noticed a yak
  6769 | D:5      | Noticed a yak
  6771 | D:5      | Noticed a yak
  6786 | D:5      | Killed a yak
  6786 | D:5      | Killed a yak
  6787 | D:5      | Reached skill level 7 in Fighting
  6787 | D:5      | Reached XP level 8. HP: 49/64 MP: 0/0
  6789 | D:5      | Killed a yak
  6789 | D:5      | Reached * piety under Makhleb
  6794 | D:5      | Killed a yak
  6795 | D:5      | Reached skill level 8 in Fighting
  6795 | D:5      | Killed a yak
  7036 | D:5      | Reached XP level 9. HP: 68/71 MP: 0/0
  7036 | D:5      | Learned a level 4 spell: Sticky Flame
  7373 | D:5      | Noticed Ijyb
  7386 | D:5      | Killed Ijyb
  7387 | D:5      | Reached skill level 9 in Fighting
  7968 | D:6      | Noticed Duvessa
  7971 | D:6      | Noticed Dowan
  7976 | D:6      | Killed Duvessa
  7978 | D:6      | Killed Dowan
  8229 | D:6      | Found a stormy altar of Qazlal.
  8289 | D:6      | Reached skill level 10 in Fighting
  8408 | D:6      | Reached ** piety under Makhleb
  8446 | D:6      | Found a white marble altar of Elyvilon.
  8787 | D:7      | Reached XP level 10. HP: 55/81 MP: 0/0
  9073 | D:7      | Reached skill level 11 in Fighting
  9657 | D:8      | Found a hazy altar of Hepliaklqana.
  9658 | D:8      | Found a shimmering altar of Xom.
  9659 | D:8      | Noticed a spectral ugly thing
  9745 | D:8      | Found an iron altar of Okawaru.
 10033 | D:8      | Identified the +0 pair of boots of the Lonely Heavens
                  | {rPois Str+6 Dex+4}
 10144 | D:9      | Noticed a two-headed ogre
 10157 | D:9      | Killed a two-headed ogre
 10158 | D:9      | Reached skill level 12 in Fighting
 10316 | D:9      | Noticed a skeletal warrior
 10320 | D:9      | Noticed a skeletal warrior
 10321 | D:9      | Noticed a skeletal warrior
 10355 | D:9      | Killed a skeletal warrior
 10356 | D:9      | Reached XP level 11. HP: 51/90 MP: 0/0
 10356 | D:9      | Learned a level 4 spell: Cause Fear
 10357 | D:9      | Killed a skeletal warrior
 10359 | D:9      | Killed a skeletal warrior
 10360 | D:9      | Reached skill level 13 in Fighting
 10432 | D:9      | Reached *** piety under Makhleb
 10544 | D:9      | Noticed a skeletal warrior
 10544 | D:9      | Noticed a skeletal warrior
 10562 | D:9      | Killed a skeletal warrior
 10818 | D:9      | Found a staircase to the Orcish Mines.
 11033 | D:9      | Noticed an eight-headed hydra
 11432 | D:10     | Entered Level 10 of the Dungeon
 11557 | D:10     | Reached **** piety under Makhleb
 11995 | D:10     | Found a staircase to the Lair.
 12002 | D:10     | You are sucked into a shaft and drop 2 floors!
 12020 | D:12     | You are sucked into a shaft and drop 1 floor!
 12030 | D:12     | Noticed a manticore
 12033 | D:12     | Found a frozen archway.
 12041 | D:12     | Killed a manticore
 12056 | IceCv    | Entered an ice cave
 12123 | IceCv    | Demolished by an entropy weaver simulacrum

Illustrated notes

Levels and vault maps discovered:
D:1:      minmay_arrival_split_and_join, layout_loops_ring, minmay_liquid_box,
          minmay_worlds_worst_comb
D:2:      layout_basic, serial_bayou, serial_bayou_pond_c, serial_bayou_pond_e,
          serial_bayou_pond_c, serial_bayou_pond_d, serial_bayou_pond_e,
          serial_bayou_shore_b, serial_shops, shop,
          shapermc_ecumenical_altar_starsandcircs, uniq_robin
D:3:      layout_basic, kennysheep_doodads
D:4:      layout_loops_cross, minmay_temple_entry_grid, minmay_ruined_shrine
D:5:      layout_gridville, led_sif_book, gup_sewer_entry_bowl, uniq_ijyb
D:6:      layout_basic, lemuel_coloured_pillars_altar, kennysheep_mini_moat,
          uniq_duvessa
D:7:      layout_cave_pools, st_stairs_9, the_hattery
D:8:      layout_gridville, lemuel_doored_altar, regret_index_temple_of_mockery
D:9:      layout_loops_cross, zombieorc2_lemuel
D:10:     layout_loops_ring, general_overflow_altar,
          gammafunk_temple_overflow_claw, david_lair_shrubbed
D:12:     layout_rooms, portal_ice_cave_rime, serial_shops, shop,
          kennysheep_crisscross, okawaru_gym_becter
D:13:     layout_loops_ring, uniq_maurice, uniq_jorgrun
Temple:   minmay_temple_bridge_abc
IceCv:    ice_cave_hellmonk_azure_passage

Skill      XL: |  1  2  3  4  5  6  7  8  9 10 11 |
---------------+----------------------------------+-----
Armour         | 1 |  1.2
Fighting       | 3 4 5 7 8 10 12 13 | 13.5
Spellcasting   | 5 6 7 8 9 |  9.3
Dodging        | 4 |  4.6
Maces & Flails | |  0.1
Stealth        | |  1.1
Evocations     | |  1.0

Action                   |  1- 3 |  4- 6 |  7- 9 | 10-12 || total
-------------------------+-------+-------+-------+-------++-------
Melee: Club              |   168 |       |       |       ||   168
       Dagger            |       |   180 |    70 |       ||   250
       Headbutt          |       |    12 |       |       ||    12
       Scimitar          |       |       |     6 |    82 ||    88
 Cast: Foxfire           |    21 |    42 |    62 |    14 ||   139
       Animate Skeleton  |     4 |       |       |       ||     4
       Beastly Appendage |       |     6 |     4 |     2 ||    12
       Poisonous Vapours |       |    21 |     8 |     3 ||    32
       Vampiric Draining |       |     3 |    15 |       ||    18
       Frozen Ramparts   |       |       |     8 |     8 ||    16
       Sticky Flame      |       |       |    19 |    93 ||   112
       Cause Fear        |       |       |       |     8 ||     8
Evoke: Wand              |       |       |       |     8 ||     8
  Use: Scroll            |       |     4 |     3 |     5 ||    12
       Potion            |       |       |       |     6 ||     6
 Stab: Distracted        |     1 |       |       |       ||     1
       Sleeping          |     1 |       |       |       ||     1
Armor: Leather armour    |   119 |    66 |    49 |    38 ||   272
       Acid dragon scale |       |       |       |    50 ||    50
Dodge: Dodged            |   169 |   133 |    81 |   159 ||   542
       Rpst.: Scimitar   |       |       |     4 |    43 ||    47

Table legend: (Time is in decaauts)
 A = Elapsed time spent in this place.
 B = Non-inter-level travel time spent in this place.
 C = Inter-level travel time spent in this place.
 D = Time resting spent in this place.
 E = Time spent auto-exploring this place.
 F = Levels seen in this place.
 G = Mean time per level.
                   A        B        C        D        E       F      G
               +--------+--------+--------+--------+--------+-----+--------+
         Total |  12125 |  11713 |    412 |   1402 |   8213 |  15 |  808.3 |
       Dungeon |  11676 |  11282 |    394 |   1359 |   7900 |  12 |  973.0 |
        Temple |     86 |     68 |     18 |      0 |     50 |   1 |   86.0 |
         Sewer |    296 |    296 |      0 |      0 |    249 |   1 |  296.0 |
      Ice Cave |     66 |     66 |      0 |     43 |     14 |   1 |   66.0 |
               +--------+--------+--------+--------+--------+-----+--------+

Top non-repeatable levels by time:
     D:1: 2698 daAuts
     D:5: 1464 daAuts
     D:2: 1163 daAuts
     D:9: 1118 daAuts
     D:4: 1063 daAuts
     D:8: 1033 daAuts
     D:3: 991 daAuts
     D:6: 898 daAuts
     D:7: 610 daAuts
    D:10: 579 daAuts
   Sewer: 296 daAuts
  Temple: 86 daAuts
   IceCv: 66 daAuts
    D:12: 52 daAuts
    D:13: 2 daAuts
